[Event "*** Titled Tuesday Blitz"]
[Site "Chess.com"]
[Date "2021.02.09"]
[Round "1"]
[White "szachuspl"]
[Black "tan275"]
[Result "1-0"]
[WhiteElo "2546"]
[BlackElo "2226"]
[TimeControl "180+1"]
[EndTime "10:06:35 PST"]
[Termination "szachuspl won by resignation"]

1. d4 d5 2. c4 c6 3. Nf3 Nf6 4. Nc3 g6 5. Bf4 Bg7 6. e3 O-O 7. Qb3 dxc4 8. Bxc4 b5 9. Be2 Nbd7 10. O-O a5 11. a4 b4 12. Nb1 c5 13. Nbd2 Bb7 14. Rfd1 Bd5 15. Bc4 Bxc4 16. Nxc4 cxd4 17. Rxd4 Nh5 18.
Be5 f6 19. Bg3 Nxg3 20. hxg3 Nc5 21. Qd1 Qc7 22. Rc1 Qa7 23. Ncd2 f5 24. Rdc4 Nd3 25.
Qb3 Nxc1 26. Rxc1+ Kh8 27. Ng5 e5 28. Ne6 Rfc8 29.
Nc4 Bf6 30. Rd1 Qa6 31. Nd6 Rd8 32. Nf7+ Kg8 33. Nfxd8 Bxd8 34. Nc7+ 1-0

[Event "*** Titled Tuesday Blitz"]
[Site "Chess.com"]
[Date "2021.02.09"]
[Round "1"]
[White "exoticprincess"]
[Black "ErikRonka"]
[Result "1-0"]
[WhiteElo "2843"]
[BlackElo "2429"]
[TimeControl "180+1"]
[EndTime "10:06:36 PST"]
[Termination "exoticprincess won by resignation"]

1. d4 d5 2. Nc3 c6 3. Bf4 Qb6 4.
Rb1 Bf5 5. e3 e6 6. Bd3 Bxd3 7.
cxd3 Nd7 8. Nf3 Ngf6 9. h3 Be7 10.
O-O O-O 11. b4 Qd8 12. e4 Ne8 13. Re1 Bd6 14. Be3 Nc7 15. Qd2 b5 16. a4 a5 17. bxa5 b4 18. Na2 Na6 19. Rec1 Rc8 20. Ne5 Bxe5 21. dxe5 Nxe5 22. Bb6 Qh4 23. Nxb4 Nxb4 24.
Rxb4 Qh5 25. a6 f5 26. exd5 exd5 27. a7 f4 28. Bc5 f3 29. Bxf8 fxg2 30. Qe3 Nf3+ 31.
Kxg2 Nh4+ 32. Rxh4 Qxh4 33. Qe6+ 1-0

[Event "*** Titled Tuesday Blitz"]
[Site "Chess.com"]
[Date "2021.02.09"]
[Round "1"]
[White "dosto07"]
[Black "DrVelja"]
[Result "0-1"]
[WhiteElo "2421"]
[BlackElo "2827"]
[TimeControl "180+1"]
[EndTime "10:06:36 PST"]
[Termination "DrVelja won on time"]

1. e4 c6 2. d4 d5 3. Nc3 dxe4 4. Nxe4 Nf6 5. Nxf6+ exf6 6. c3 Bd6 7. Bd3 O-O 8. Ne2 Re8 9. Qc2 h5 10. h3 Nd7 11.
Be3 Nf8 12. O-O-O h4 13. c4 Be6 14. Nc3 Rc8 15. Kb1 Qa5 16. c5 Bb8 17. Bd2 Qd8 18. Be3 b5 19. cxb6 axb6 20. Be4 b5 21. d5 cxd5 22. Bxd5 Qa5 23. Qb3 Be5 24. Qxb5 Bxc3 25. Qxa5 Bxa5 26. Bxe6 Nxe6 27. Rd5 Bc7 28. Rc1 Rb8 29. Rc4 Be5 30. Bc1 Red8 31. Rxd8+ Rxd8 32. Rxh4 Rd1 33. Kc2 Rg1 34. Rg4 f5 35. Ra4 Rxg2 36. Kd3 Rxf2 37. b4 f4 38. Ra8+ Kh7 39. b5 Rf1 40.
Bd2 f3 41. b6 f2 42. b7 Rd1 43.
Ke2 f1=Q+ 0-1

[Event "*** Titled Tuesday Blitz"]
[Site "Chess.com"]
[Date "2021.02.09"]
[Round "1"]
[White "FMKonstantin_Twitch"]
[Black "ViktoriyaTarasova"]
[Result "1-0"]
[WhiteElo "2613"]
[BlackElo "2308"]
[TimeControl "180+1"]
[EndTime "10:06:36 PST"]
[Termination "FMKonstantin_Twitch won by resignation"]

1. e4 c5 2. Nf3 Nc6 3. d4 cxd4 4.
Nxd4 Nf6 5. Nc3 e5 6. Ndb5 d6 7. Bg5 a6 8. Na3 b5 9. Bxf6 gxf6 10. Nd5 f5 11. exf5 Bxf5 12. Bd3 Be6 13. Be4 Rc8 14. c3 h5 15. Nc2 f5 16. Bf3 e4 17. Bxh5+ Kd7 18.
Nf4 Bc4 19. Ne3 Qg5 20. g3 Ne5 21. h4 Qf6 22. Be2 Bxe2 23. Qxe2 Nf3+ 24. Kf1 Bh6 25. Ned5 Qd8 26. a4 Qa5 27. b4 Qd8 28. axb5 Bxf4 29.
Nxf4 Rxc3 30. bxa6 Qc8 31. Qb5+ Kd8 32. Rd1 Rc1 33. Kg2 Rxd1 34. Rxd1 Ke7 35. Ng6+ Kf6 36. Rxd6+ 1-0

[Event "*** Titled Tuesday Blitz"]
[Site "Chess.com"]
[Date "2021.02.09"]
[Round "1"]
[White "ehrenfeld"]
[Black "chessmause"]
[Result "0-1"]
[WhiteElo "2502"]
[BlackElo "2209"]
[TimeControl "180+1"]
[EndTime "10:06:37 PST"]
[Termination "chessmause won on time"]

1. e4 d6 2. d4 Nf6 3. Nc3 c6 4. f4 Qa5 5. Bd3 e5 6. Nf3 Bg4 7. Be3 Nbd7 8. h3 Bxf3 9. Qxf3 Qb4 10. Bd2 Qxd4 11. Be3 Qb4 12. O-O Qxb2 13. Ne2 Qa3 14.
Rab1 b5 15. g4 h6 16. g5 Ng8 17. g6 f6 18. Qg4 Ke7 19. Ng3 Re8 20. Nf5+ Kd8 21.
Qe2 Kc7 22. c4 a6 23. cxb5 axb5 24. Bxb5 Ne7 0-1

[Event "*** Titled Tuesday Blitz"]
[Site "Chess.com"]
[Date "2021.02.09"]
[Round "1"]
[White "Twitch_ElhamBlitz05"]
[Black "InitiatingASC"]
[Result "0-1"]
[WhiteElo "2741"]
[BlackElo "2416"]
[TimeControl "180+1"]
[EndTime "10:06:38 PST"]
[Termination "InitiatingASC won by resignation"]

1. e4 c5 2. Nf3 Nc6 3. b4 e6 4. b5 Nd4 5. Nxd4 cxd4 6. Bc4 Bc5 7.
d3 Ne7 8. O-O O-O 9. a4 d5 10.
exd5 Nxd5 11. Qf3 Ne7 12. Nd2 e5 13. Ne4 Bd6 14. Ng5 Bf5 15. Nxf7 Rxf7 16. Bxf7+ Kxf7 17. g4 Qd7 18. Bg5 Rf8 19. Bxe7 Kxe7 20. gxf5 Rxf5 21. Qg4 Kf8 22. f4 exf4 23. Rae1 h6 24. Re4 Rg5 25. Qxg5 hxg5 26. Kh1 Be7 27. Rfe1 Bf6 28. Kg2 Qg4+ 29. Kh1 Qf3+ 30. Kg1 Kf7 31. Rf1 Qg4+ 32. Kh1 Qh3 33. Rf2 Kg6 34. a5 Qf5 35. b6 axb6 36. axb6 Qb5 37.
h4 Qxb6 38. hxg5 Bxg5 39. Rg2 Kf5 40. Rge2 Bf6 41. Kg2 g5 42. Rf2 Qc6 43. Kh3 Qc8 44.
Kg2 Qh8 45. Rf3 Qh4 46. Re8 g4 47. Rf1 f3+ 48. Kg1 Qg3+ 49. Kh1 0-1

[Event "*** Titled Tuesday Blitz"]
[Site "Chess.com"]
[Date "2021.02.09"]
[Round "1"]
[White "LenkaPtacnikova"]
[Black "FloMaster111"]
[Result "0-1"]
[WhiteElo "2168"]
[BlackElo "2508"]
[TimeControl "180+1"]
[EndTime "10:06:38 PST"]
[Termination "FloMaster111 won by resignation"]

1. c4 e6 2. Nf3 Nf6 3. e3 b6 4.
b3 Bb7 5. Bb2 Be7 6. Be2 d5 7.
cxd5 exd5 8. d4 O-O 9. O-O Ne4 10. Nc3 Nd7 11. Rc1 Nxc3 12. Rxc3 Nf6 13. Qc1 Bd6 14. Ba3 Ne4 15. Rc2 c5 16. Rd1 Qf6 17. dxc5 bxc5 18. Bd3 Qh6 19. h3 Rad8 20. Bxe4 dxe4 21.
Nd2 Bb8 22. Bxc5 Rde8 23. Nc4 Qh5 24. Nd6 Ba6 25. Nxe8 Rxe8 26. Bd6 Rd8 27. Bxb8 Rxd1+ 28. Qxd1 Qxd1+ 29. Kh2 Qxc2 30. Be5 f6 0-1

[Event "*** Titled Tuesday Blitz"]
[Site "Chess.com"]
[Date "2021.02.09"]
[Round "1"]
[White "PattyCastillo"]
[Black "michaelk123"]
[Result "0-1"]
[WhiteElo "2036"]
[BlackElo "2482"]
[TimeControl "180+1"]
[EndTime "10:06:39 PST"]
[Termination "michaelk123 won by resignation"]

1. d4 Nf6 2. Nf3 g6 3. Nc3 d5 4. Bf4 Bg7 5. e3 O-O 6. Be2 c5 7. Ne5 Nc6 8. Nxc6 bxc6 9. dxc5 Qa5 10. Be5 Ne4 11. Bxg7 Kxg7 12. O-O Nxc3 13. Qd4+ f6 14. bxc3 Rb8 15. f4 Bf5 16. Bd3 Qc7 17. Bxf5 gxf5 18. Rab1 e5 19. fxe5 fxe5 20. Qh4 Rxb1 21. Rxb1 Rf6 22.
Rb4 Rg6 23. Qf2 Kf6 24. c4 d4 25. exd4 e4 26. Rb3 f4 27. Rh3 f3 28. Qh4+ Kf5 29.
Qh5+ Rg5 30. g4+ Kf4 31. Qh6 Qd8 32. Rg3 Qxd4+ 0-1

[Event "*** Titled Tuesday Blitz"]
[Site "Chess.com"]
[Date "2021.02.09"]
[Round "1"]
[White "amatatanav"]
[Black "Yaacovn"]
[Result "0-1"]
[WhiteElo "2426"]
[BlackElo "2840"]
[TimeControl "180+1"]
[EndTime "10:06:40 PST"]
[Termination "Yaacovn won on time"]

1. e4 c6 2. Nf3 d5 3. Nc3 dxe4 4.
Nxe4 Nf6 5. Qe2 Bg4 6. Nxf6+ gxf6 7. h3 Bxf3 8. Qxf3 Qd5 9. Be2 Nd7 10. O-O Rg8 11.
Re1 e6 12. c3 Bd6 13. d4 O-O-O 14. Be3 f5 15. c4 Qa5 16. a3 Nf6 17. b4 Qc7 18. b5 c5 19. d5 Ne4 20. dxe6 fxe6 21. Rac1 Rg6 22. Qh5 Rdg8 23. Bf3 Nf6 24. Qh4 Qg7 25.
Kf1 e5 26. Rcd1 Bc7 27. g4 f4 28. Bc1 Rh6 29. Qxh6 Qxh6 30. Bg2 e4 31. Bb2 f3 0-1

[Event "*** Titled Tuesday Blitz"]
[Site "Chess.com"]
[Date "2021.02.09"]
[Round "1"]
[White "Kretov_Evgenij"]
[Black "zimmm36"]
[Result "1-0"]
[WhiteElo "2509"]
[BlackElo "2177"]
[TimeControl "180+1"]
[EndTime "10:06:40 PST"]
[Termination "Kretov_Evgenij won by checkmate"]

1. d4 Nf6 2. c4 e6 3. Nc3 Bb4 4.
Bg5 h6 5. Bh4 g5 6. Bg3 Ne4 7.
Qc2 Bxc3+ 8. bxc3 f5 9. Be5 O-O 10. f3 Nf6 11. h4 g4 12. e3 d6 13. Bf4 h5 14. Bd3 Qe7 15. Bg5 Nbd7 16. Ne2 Qg7 17. d5 Ne5 18. dxe6 Nxd3+ 19. Qxd3 Bxe6 20. Nd4 Rae8 21. O-O-O Nh7 22. Bf4 Qf7 23. Nxe6 Qxe6 24. Qd5 Qxd5 25. cxd5 Rf7 26. Kc2 Nf8 27. Rb1 b6 28. a4 a5 29. Kb3 Ng6 30. Bg5 Ne5 31.
Rhf1 Rd7 32. Rbd1 Rf7 33. Rd4 Kh7 34. Kc2 Kg6 35. Kd2 Nd7 36. Ke2 Nc5 37. Rfd1 Re5 38. Kf2 Rf8 39. Bf4 Re7 40. Re1 Rfe8 41. Rb1 Rb8 42.
Kg3 Rbe8 43. e4 gxf3 44. exf5+ Kxf5 45. gxf3 Re2 46. Bg5 Kg6 47. Kh3 Ra2 48. Rg1 Rxa4 49. Bd8+ Kf5 50. Rg5# 1-0

[Event "*** Titled Tuesday Blitz"]
[Site "Chess.com"]
[Date "2021.02.09"]
[Round "1"]
[White "KyrgyzFighter"]
[Black "Vincent_Vega95"]
[Result "0-1"]
[WhiteElo "2380"]
[BlackElo "2723"]
[TimeControl "180+1"]
[EndTime "10:06:42 PST"]
[Termination "Vincent_Vega95 won by resignation"]

1. c4 Nf6 2. Nc3 g6 3. e4 d6 4. d4 Bg7 5. f3 O-O 6. Be3 c5 7. d5 e6 8. Nge2 exd5 9. cxd5 h5 10. Nf4 a6 11. a4 Nbd7 12. Be2 Ne5 13. O-O Rb8 14. Qd2 Bd7 15. a5 g5 16. Nh3 Bxh3 17. gxh3 Nh7 18. f4 gxf4 19. Bxf4 Qh4 20. Kh1 Kh8 21.
Rg1 b5 22. axb6 Rxb6 23. Raf1 Ng6 24. Bg5 Nxg5 25. Rxg5 Bh6 26. Rfg1 Bxg5 27. Rxg5 Qf4 28. Rxh5+ Kg7 29. Qe1 Qe3 30. Qf1 Rxb2 31. Qe1 Rc2 32. Qd1 Rxc3 0-1

[Event "*** Titled Tuesday Blitz"]
[Site "Chess.com"]
[Date "2021.02.09"]
[Round "1"]
[White "CSB7"]
[Black "ybruned"]
[Result "0-1"]
[WhiteElo "2573"]
[BlackElo "2300"]
[TimeControl "180+1"]
[EndTime "10:06:42 PST"]
[Termination "ybruned won by resignation"]

1. d4 Nf6 2. Nf3 e6 3. Bf4 b6 4.
Nbd2 Bb7 5. e3 Be7 6. h3 O-O 7. Bd3 d5 8. O-O c5 9. c3 Ba6 10. Bxa6 Nxa6 11. Ne5 Nb8 12. Qf3 Nfd7 13. Qg3 Nxe5 14.
Bxe5 Bf6 15. f4 Nd7 16. Rf2 Nxe5 17. dxe5 Bh4 18. Qg4 Bxf2+ 19. Kxf2 d4 20. Ne4 dxe3+ 21. Kxe3 c4 22. Rd1 Qc7 23. Rd7 Qc6 24. Nf6+ Kh8 25. Qh4 h6 26. Qh5 Rad8 27. Qxf7 Qc5+ 28. Ke2 Rxd7 29.
Nxd7 Rxf7 30. Nxc5 bxc5 0-1

[Event "*** Titled Tuesday Blitz"]
[Site "Chess.com"]
[Date "2021.02.09"]
[Round "1"]
[White "rasmussvane"]
[Black "jerry_77"]
[Result "1-0"]
[WhiteElo "2881"]
[BlackElo "2447"]
[TimeControl "180+1"]
[EndTime "10:06:43 PST"]
[Termination "rasmussvane won by resignation"]

1. Nf3 Nf6 2. g3 e6 3. Bg2 d5 4. O-O c5 5. c4 d4 6. e3 Nc6 7. exd4 cxd4 8. d3 Bc5 9. Bg5 O-O 10. Nbd2 h6 11. Bxf6 Qxf6 12. Ne4 Qe7 13. Nxc5 Qxc5 14.
a3 a5 15. Re1 e5 16. Nd2 Bf5 17. Qb3 Ra6 18. Qb5 Qd6 19. Qxb7 Ne7 20. c5 Qf6 21. Ne4 Bxe4 22. Bxe4 Re6 23. b4 axb4 24. axb4 Qg5 25. Ra8 g6 26. Rxf8+ Kxf8 27. c6 Qd2 28. Rf1 f5 29.
Qd7 Qa2 30. Bg2 e4 31. c7 Qa6 32. b5 Qc8 33. Qd8+ Kf7 34. dxe4 d3 35. exf5 gxf5 36. Rd1 d2 37. Rxd2 Re1+ 38. Bf1 Qb7 39. Rd1 Rxf1+ 40. Rxf1 1-0

[Event "*** Titled Tuesday Blitz"]
[Site "Chess.com"]
[Date "2021.02.09"]
[Round "1"]
[White "profofchess"]
[Black "TigrVShlyape"]
[Result "0-1"]
[WhiteElo "2427"]
[BlackElo "2842"]
[TimeControl "180+1"]
[EndTime "10:06:43 PST"]
[Termination "TigrVShlyape won on time"]

1. e4 c5 2. Nf3 e6 3. c3 d5 4. e5 d4 5. Bd3 Bd7 6. Qe2 Bc6 7. Be4 Ne7 8. O-O Bxe4 9. Qxe4 Qd5 10. Qxd5 Nxd5 11.
cxd4 Nc6 12. dxc5 Bxc5 13. Nc3 Rd8 14. Ne4 Be7 15. d3 Ndb4 16. Bg5 Bxg5 17. Nd6+ Rxd6 18.
exd6 Bf6 19. d4 Kd7 20. Ne5+ Nxe5 21. dxe5 Bxe5 22. Rac1 Bxd6 23. Rfd1 Nd5 24. g3 h5 25. Rc4 g6 26. Kf1 a5 27. a4 Ra8 28. Rd3 Ra6 29.
Rb3 Bb4 30. Rf3 f5 31. h3 Rd6 32. g4 hxg4 33. hxg4 Nb6 34. Rc2 Nxa4 35. g5 e5 36. Rh3 Nc5 37. Rh7+ Kc6 38. Rf7 b5 39. Ke2 a4 0-1

[Event "*** Titled Tuesday Blitz"]
[Site "Chess.com"]
[Date "2021.02.09"]
[Round "1"]
[White "kobemagic"]
[Black "Jungle_Jaguar"]
[Result "0-1"]
[WhiteElo "2322"]
[BlackElo "2625"]
[TimeControl "180+1"]
[EndTime "10:06:43 PST"]
[Termination "Jungle_Jaguar won by resignation"]

1. c4 Nf6 2. g3 g6 3. Bg2 Bg7 4. Nc3 O-O 5. Nf3 d6 6. O-O Nc6 7. d3 Nh5 8. Bd2 f5 9. b4 Nxb4 10. Rb1 Nc6 11. Qc1 f4 12. Nd5 fxg3 13. hxg3 e6 14. Nf4 Nxf4 15. Bxf4 e5 16. Bh6 Qe7 17. Bxg7 Qxg7 18. Qe3 Rb8 19. Ng5 Nd4 20. Qd2 Bg4 21.
Rfe1 h6 22. Ne4 b6 23. Nc3 Kh7 24. Nb5 a6 25. Nxd4 exd4 26. e4 dxe3 27. Rxe3 Rbe8 28. Rbe1 Qf7 29. Rxe8 Rxe8 30. Rxe8 Qxe8 31. Qf4 Bf5 32. d4 h5 33. Bd5 Qe7 34. Qe3 Qxe3 35. fxe3 Kg7 36.
a3 Kf6 37. Kf2 Be6 38. Bxe6 Kxe6 39. Kf3 b5 40. cxb5 axb5 41. e4 c5 42. Ke3 g5 43.
Kd3 c4+ 44. Kc3 h4 0-1

[Event "*** Titled Tuesday Blitz"]
[Site "Chess.com"]
[Date "2021.02.09"]
[Round "1"]
[White "oneshot007"]
[Black "beto-betun"]
[Result "1-0"]
[WhiteElo "2511"]
[BlackElo "2185"]
[TimeControl "180+1"]
[EndTime "10:06:43 PST"]
[Termination "oneshot007 won by resignation"]

1. e4 c5 2. Nf3 d6 3. d4 cxd4 4. Nxd4 Nf6 5. Nc3 a6 6. Be3 e5 7. Nf3 Be6 8. Ng5 Bd7 9. Bc4 Be6 10. Bxe6 fxe6 11. Nxe6 Qe7 12. Nxf8 Rxf8 13. O-O Nc6 14. Nd5 Nxd5 15. exd5 Nd8 16. c4 Kf7 17. b4 Kg8 18. c5 Qf6 19. Rc1 Nf7 20. c6 b5 21. a4 Rfc8 22.
axb5 axb5 23. Qd3 Rab8 24. Ba7 Ra8 25. Be3 Rab8 26. Ra1 Ng5 27. Bxg5 Qxg5 28. Ra7 h5 29. Qh3 Re8 30. Rfa1 e4 31. Qe3 Qg4 32. h3 Qg6 33.
Rd7 Qf6 34. Raa7 h4 35. Rxg7+ Qxg7 36. Rxg7+ Kxg7 37. Qg5+ Kf8 38. Qf6+ Kg8 39. Qg6+ Kf8 40. Qxd6+ Kg8 41. Qg6+ Kf8 42. c7 Ra8 43. d6 e3 44.
fxe3 Rxe3 45. Qh6+ Ke8 46. Qxe3+ Kd7 47. Qe7+ Kc6 48. Qe4+ 1-0

[Event "*** Titled Tuesday Blitz"]
[Site "Chess.com"]
[Date "2021.02.09"]
[Round "1"]
[White "LimeInTheCoconut"]
[Black "KNCP_719"]
[Result "1/2-1/2"]
[WhiteElo "2297"]
[BlackElo "2592"]
[TimeControl "180+1"]
[EndTime "10:06:44 PST"]
[Termination "Game drawn by repetition"]

1. d4 d5 2. c4 c6 3. Nf3 Nf6 4. Qc2 dxc4 5. Qxc4 Bf5 6. g3 e6 7. Bg2 Nbd7 8. O-O Be7 9. e3 O-O 10. Qe2 Qc7 11. Nc3 Ne4 12. Nd2 Nxc3 13. bxc3 e5 14. e4 Be6 15. f4 f6 16. a4 Rad8 17. Rb1 a5 18. Kh1 Nb6 19. Ra1 exd4 20. cxd4 Rxd4 21.
Bb2 Rxa4 22. Rxa4 Nxa4 23. Ba1 b5 24. Nf3 Bc4 25. Qc2 Bxf1 26. Bxf1 Rd8 27. Nd4 Qd7 28. Nxc6 Rc8 29. Nxe7+ Qxe7 30. Qxc8+ Kf7 31. Bxb5 Qxe4+ 32. Kg1 Qb1+ 33. Bf1 Qxa1 34. Qd7+ Kg6 35. Qg4+ Kf7 36. Qd7+ Kg6 37. Qg4+ Kh6 38. Qh4+ Kg6 39. Qg4+ 1/2-1/2

[Event "*** Titled Tuesday Blitz"]
[Site "Chess.com"]
[Date "2021.02.09"]
[Round "1"]
[White "frazier69"]
[Black "CraiggoryC"]
[Result "1-0"]
[WhiteElo "2519"]
[BlackElo "2198"]
[TimeControl "180+1"]
[EndTime "10:06:44 PST"]
[Termination "frazier69 won on time"]

1. c4 Nf6 2. Nc3 g6 3. g3 Bg7 4. Bg2 O-O 5. d4 c5 6. Nf3 Nc6 7.
O-O d6 8. d5 Na5 9. Nd2 Rb8 10.
Qc2 a6 11. b3 b5 12. Bb2 bxc4 13. bxc4 h5 14. Nd1 h4 15. Bc3 h3 16. Bh1 Ng4 17. e4 e5 18. Qa4 Nb7 19. f3 Nh6 20. Rb1 f5 21. Nf2 f4 22. g4 Qh4 23. Rb6 Nf7 24.
Rfb1 Qe7 25. Nxh3 Bd7 26. Qd1 1-0

[Event "*** Titled Tuesday Blitz"]
[Site "Chess.com"]
[Date "2021.02.09"]
[Round "1"]
[White "AldokhinIvan"]
[Black "esrosenberg"]
[Result "1-0"]
[WhiteElo "2481"]
[BlackElo "2036"]
[TimeControl "180+1"]
[EndTime "10:06:45 PST"]
[Termination "AldokhinIvan won by resignation"]

1. e4 e6 2. d4 d5 3. Nc3 Bb4 4. Ne2 dxe4 5. a3 Bxc3+ 6. Nxc3 Nc6 7. Bb5 Ne7 8. Nxe4 Qd5 9. Qd3 Bd7 10. Be3 O-O-O 11.
O-O-O Ne5 12. Bxd7+ Nxd7 13. c4 Qc6 14. Ng5 Ne5 15.
Qc2 h6 16. dxe5 hxg5 17. Bxg5 Rxd1+ 18. Rxd1 Nf5 19. g4 Nh4 20. Qd3 b6 21. Bxh4 Rxh4 22. Qd8+ Kb7 23. Qxh4 Qxc4+ 24. Kb1 Qe4+ 25. Ka1 Qxe5 26.
Qg3 Qe2 27. Rc1 c5 28. Qf4 f6 29. f3 e5 30. Qe4+ Qxe4 31. fxe4 Kc6 32. h4 b5 33. h5 c4 34. Rf1 Kc5 35. h6 gxh6 36.
Rxf6 Kd4 37. Rxh6 Kxe4 38. Rf6 Kd5 39. g5 e4 40. g6 e3 41. Rf8 e2 42. Re8 1-0

[Event "*** Titled Tuesday Blitz"]
[Site "Chess.com"]
[Date "2021.02.09"]
[Round "1"]
[White "Elshan1985"]
[Black "sergeikim"]
[Result "1-0"]
[WhiteElo "2806"]
[BlackElo "2407"]
[TimeControl "180+1"]
[EndTime "10:06:46 PST"]
[Termination "Elshan1985 won by resignation"]

1. Nf3 Nf6 2. g3 g6 3. Bg2 Bg7 4.
O-O O-O 5. b3 d6 6. d4 e5 7.
dxe5 Nfd7 8. Bb2 dxe5 9. Qc1 Nc6 10. Nbd2 a5 11. Rd1 Qe8 12. Ba3 e4 13. Bxf8 Nxf8 14. Ng5 e3 15. Nc4 exf2+ 16. Kxf2 Bxa1 17. Qxa1 f5 18. Bd5+ Be6 19. Nxe6 Nxe6 20. Qf6 Nd8 21. Ne5 Ra6 22.
e4 Rd6 23. exf5 gxf5 24. Qxf5 Qf8 25. Bxe6+ Nxe6 26. Qxf8+ Kxf8 27. Rxd6 cxd6 28. Nc4 Nd4 29. Nxd6 b6 30. c4 Nc2 31. Nc8 Nb4 32. a4 Nd3+ 33.
Ke3 Nc5 34. Nxb6 Nxb3 35. Ke4 Ke7 36. Kd5 Kd8 37. Kc6 Nd4+ 38. Kb7 Nf3 39. c5 1-0

[Event "*** Titled Tuesday Blitz"]
[Site "Chess.com"]
[Date "2021.02.09"]
[Round "1"]
[White "publicaccountcze"]
[Black "FontVella8"]
[Result "0-1"]
[WhiteElo "2269"]
[BlackElo "2570"]
[TimeControl "180+1"]
[EndTime "10:06:46 PST"]
[Termination "FontVella8 won by checkmate"]

1. d4 d5 2. c4 c6 3. Nc3 Nf6 4. cxd5 cxd5 5. Bf4 Nc6 6. e3 a6 7. Bd3 e6 8. Nf3 Bd6 9. Bg3 O-O 10. O-O b5 11. a3 Bb7 12. Rc1 Ne7 13. Ne5 Ne4 14.
f3 Nxg3 15. hxg3 f6 16. Ng4 Bxg3 17. f4 h5 18. Nh6+ gxh6 19. Qxh5 Rf7 20. Qxh6 Qf8 21. Qh5 Nf5 22. Bxf5 exf5 23. Qxf5 Qh6 24. Qh3 Qxh3 25.
gxh3 Re8 26. Rf3 Rg7 27. Kh1 Bh4 28. Rg1 Re7 29. Rg4 Rxg4 30. hxg4 Rg7 31. g5 fxg5 32.
Rh3 Bc8 33. Rh2 Bg4 34. Kg2 Bf5 35. Kf3 g4+ 36. Ke2 g3 37. Rxh4 g2 38. Nxd5 g1=Q 39. Ne7+ Kf7 40. Nxf5 Rg2+ 41. Kd3 Qb1+ 42. Kc3 Qxb2+ 43.
Kd3 Qc2# 0-1

[Event "*** Titled Tuesday Blitz"]
[Site "Chess.com"]
[Date "2021.02.09"]
[Round "1"]
[White "A-S-00"]
[Black "albi1999"]
[Result "0-1"]
[WhiteElo "2318"]
[BlackElo "2622"]
[TimeControl "180+1"]
[EndTime "10:06:47 PST"]
[Termination "albi1999 won by resignation"]

1. d4 d5 2. Nf3 Nf6 3. c4 c6 4. Nc3 a6 5. e3 e6 6. b3 Bb4 7. Bb2 Qa5 8. Rc1 Ne4 9. Qc2 Qxa2 10. Bd3 Nxc3 11. Bxc3 Qxc2 12. Rxc2 Bxc3+ 13. Rxc3 O-O 14.
Ke2 Nd7 15. c5 Re8 16. Ra1 e5 17. dxe5 Nxe5 18. Nd4 Bd7 19. Ra4 Rad8 20. Rb4 Bc8 21. Rc1 g6 22. h3 Re7 23. Kd2 h5 24. Ra1 Kg7 25. Rba4 Rde8 26. b4 f5 27. R4a3 Kf6 28. Kc3 h4 29. R3a2 g5 30. Re2 Nxd3 31. Kxd3 f4 32. exf4 Bf5+ 33. Kd2 gxf4 34. Rxe7 Rxe7 35. Nf3 Rh7 36. Nd4 Rg7 37. Ne2 Rxg2 38. Nxf4 Rxf2+ 39. Ke3 Rb2 40. Rg1 Rxb4 41. Nh5+ Ke5 42. Rg8 Rb3+ 43. Kd2 Rxh3 44. Re8+ Kd4 45. Nf4 Rh2+ 46. Kc1 Kxc5 0-1

[Event "*** Titled Tuesday Blitz"]
[Site "Chess.com"]
[Date "2021.02.09"]
[Round "1"]
[White "bugsbunny444"]
[Black "Susik_Gaboyan"]
[Result "1-0"]
[WhiteElo "2603"]
[BlackElo "2298"]
[TimeControl "180+1"]
[EndTime "10:06:47 PST"]
[Termination "bugsbunny444 won by resignation"]

1. Nf3 Nf6 2. c4 g6 3. b4 Bg7 4.
Bb2 O-O 5. g3 c6 6. Bg2 d5 7.
cxd5 cxd5 8. O-O Nc6 9. b5 Na5 10. d3 Qb6 11. a4 Bf5 12. Bd4 Qd6 13. Nbd2 b6 14. Nb3 Nxb3 15. Qxb3 Rac8 16. Ne5 Ng4 17. Nc6 e5 18. Bb2 Rc7 19. Ba3 Qd7 20. Bxf8 Kxf8 21. Qxd5 Qxd5 22. Bxd5 Nf6 23. Bg2 e4 24. d4 e3 25.
fxe3 Ne4 26. g4 1-0

[Event "*** Titled Tuesday Blitz"]
[Site "Chess.com"]
[Date "2021.02.09"]
[Round "1"]
[White "andy_rekt"]
[Black "Lion-Al-Messi"]
[Result "0-1"]
[WhiteElo "2230"]
[BlackElo "2549"]
[TimeControl "180+1"]
[EndTime "10:06:48 PST"]
[Termination "Lion-Al-Messi won on time"]

1. d4 d5 2. c4 c6 3. Nf3 Nf6 4. Qc2 g6 5. g3 Bf5 6. Qb3 Qb6 7. c5 Qxb3 8. axb3 Nbd7 9. Nc3 a6 10. Bg2 Bg7 11.
O-O O-O 12. Nh4 Be6 13. f4 Ne8 14. e3 f6 15. f5 Bf7 16. fxg6 hxg6 17. Bh3 f5 18.
Nf3 e5 19. Bd2 Nc7 20. Rae1 Ne6 21. Ne2 Rae8 22. Bc3 exd4 23. exd4 Nc7 24. Nf4 Nb5 25. Kf2 Re4 26. Ng5 Rxe1 27. Rxe1 Nxd4 28. Re7 Nxc5 29. Nxf7 Rxf7 30. Re8+ Rf8 31. Rxf8+ Kxf8 32. Nxg6+ Kf7 33. Nf4 Ne4+ 34. Ke3 Nxc3 35. bxc3 Nxb3 36. Bxf5 Bxc3 37. h4 Bd2+ 38. Kd3 Be1 39. Ne2 a5 40. Bc8 a4 41.
h5 Kg7 42. Kc2 Nc5 43. g4 Kh6 0-1

[Event "*** Titled Tuesday Blitz"]
[Site "Chess.com"]
[Date "2021.02.09"]
[Round "1"]
[White "Agibileg"]
[Black "IngOscarArdila"]
[Result "1-0"]
[WhiteElo "2504"]
[BlackElo "2152"]
[TimeControl "180+1"]
[EndTime "10:06:49 PST"]
[Termination "Agibileg won by resignation"]

1. d4 Nf6 2. c4 g6 3. Nc3 Bg7 4. e4 d6 5. Be2 O-O 6. Nf3 Nbd7 7. O-O e5 8. Be3 exd4 9. Nxd4 Nc5 10. f3 a5 11. Qd2 Re8 12. Rfd1 Bd7 13. Nb3 Ne6 14.
Nd5 a4 15. Nd4 Nc5 16. Bg5 c6 17. Nxf6+ Bxf6 18. Bxf6 Qxf6 19. b4 axb3 20. axb3 Rxa1 21. Rxa1 Ne6 22. Rd1 Nf4 23. Bf1 Bc8 24. g3 Ne6 25.
Nxe6 Bxe6 26. Kg2 d5 27. cxd5 cxd5 28. exd5 Bd7 29. Bd3 Qd4 30. Be4 Qb6 31. b4 f5 32.
Bd3 Qd4 33. Bf1 Qe3 34. Qxe3 Rxe3 35. Rc1 Kf8 36. Rc7 Ke7 37. Bb5 Kd6 38. Rxd7+ 1-0

[Event "*** Titled Tuesday Blitz"]
[Site "Chess.com"]
[Date "2021.02.09"]
[Round "1"]
[White "Deepweb2020"]
[Black "niki_2003"]
[Result "1-0"]
[WhiteElo "2483"]
[BlackElo "2062"]
[TimeControl "180+1"]
[EndTime "10:06:50 PST"]
[Termination "Deepweb2020 won by checkmate"]

1. d4 Nf6 2. c4 e6 3. g3 d5 4.
Nf3 Be7 5. Bg2 O-O 6. O-O dxc4 7. Qc2 c6 8. Qxc4 b5 9. Qc2 Bb7 10. e4 Qb6 11. e5 Nd5 12. Nc3 Na6 13. a3 Rac8 14. b4 Nac7 15. Bg5 Rfe8 16. Bxe7 Rxe7 17. Ng5 g6 18. Nce4 Kg7 19. Nd6 Rd8 20. Rfc1 Ba8 21.
h4 Qxd4 22. Nf3 Qb6 23. h5 Ne8 24. Ne4 Nec7 25. Qd2 Ree8 26. h6+ Kg8 27. Qg5 Bb7 28. Nf6+ Kh8 29. Re1 Re7 30. Red1 Ne8 31. Nxd5 exd5 32. Qxe7 Nc7 33. Qf6+ Kg8 34. Qxd8+ Ne8 35. Qxe8# 1-0

[Event "*** Titled Tuesday Blitz"]
[Site "Chess.com"]
[Date "2021.02.09"]
[Round "1"]
[White "igorcadilhac"]
[Black "DenishevM"]
[Result "0-1"]
[WhiteElo "2279"]
[BlackElo "2582"]
[TimeControl "180+1"]
[EndTime "10:06:51 PST"]
[Termination "DenishevM won on time"]

1. e4 c5 2. Nf3 e6 3. d4 cxd4 4.
Nxd4 d6 5. Nc3 Nf6 6. Bd3 Be7 7. O-O Nc6 8. Nb3 O-O 9. Qe2 a6 10. a4 b6 11. Rd1 Bb7 12. Be3 Qc7 13. f3 Ne5 14. a5 b5 15. Bb6 Qc8 16. f4 Nc4 17. Bxc4 bxc4 18. Nd2 d5 19. exd5 Bc5+ 20. Bxc5 Qxc5+ 21. Kh1 Bxd5 22. Na4 Qc6 23. Nb6 Rad8 24. Ndxc4 Ne4 25. Ne5 Qc7 26. Nxd5 exd5 27. c4 Qc5 28.
Rf1 f6 29. cxd5 Qxd5 30. Nf3 Rfe8 31. Qxa6 Qh5 32. Rfe1 Nf2+ 33. Kg1 Qc5 34. Qb6 Nh3+ 0-1